 Dungeon Crawl Stone Soup version 0.30-a0-469-g84de5afbc5 (webtiles) character file.

Game seed: 8625292863977248813

2096 cforsyth the Protected (level 9, -2/126 HPs)
             Began as an Armataur Gladiator on Dec 19, 2022.
             Slain by a vampire mosquito (4 damage)
             ... on level 7 of the Dungeon.
             The game lasted 00:11:23 (6571 turns).

cforsyth the Protected (Armataur Gladiator)         Turns: 6571, Time: 00:11:24

Health: -2/126     AC: 24    Str: 24    XL:     9   Next: 7%
Magic:  9/9        EV:  1    Int:  9    God:
Gold:   204        SH:  0    Dex: 11    Spells: 8/8 levels left

rFire   + + .      SeeInvis .    A - +0 flail (protect)
rCold   . . .      Faith    .    (no shield)
rNeg    . . .      Spirit   .    (body armour currently unavailable)
rPois   +          Reflect  .    (helmet currently unavailable)
rElec   .          Harm     .    (cloak currently unavailable)
rCorr   .          Roll     +    (gloves currently unavailable)
Will    .....      NoTele   +    (no barding)
Stlth   +.........               t - amulet of Life {Acrobat rF++}
HPRegen 0.41/turn                (no ring)
MPRegen 0.11/turn                (no ring)

@: tree-form
A: stationary, stasis, torment immunity, boosted hp, large, rugged brown scales
3, (deformed body), (armoured tail), roll, long tongue, awkward tongue
a: no special abilities


You were on level 7 of the Dungeon.
You were a tree.
You visited 1 branch of the dungeon, and saw 7 of its levels.

You collected 312 gold pieces.
You spent 108 gold pieces at shops.

Inventory:

Hand Weapons
 A - a +0 flail of protection (weapon)
Missiles
 d - 4 throwing nets (quivered)
 e - a javelin
Armour
 b - a +0 barding (melded)
 c - a +0 helmet (melded)
 o - a +0 plate armour (melded)
Jewellery
 t - the amulet of Life (around neck) {Acrobat rF++}
   (You found it on level 3 of the Dungeon)

   [amulet of the acrobat]

   It increases your evasion while moving and waiting.
   rF:        It greatly protects you from fire.
 v - a +4 ring of protection
 x - an amulet of regeneration
 y - a ring of poison resistance
Wands
 w - a wand of roots (11)
Scrolls
 f - 2 scrolls of enchant weapon {unknown}
 g - 3 scrolls of poison
 l - a scroll of fear
 m - 5 scrolls of teleportation
 p - a scroll of blinking {unknown}
 q - a scroll of immolation {unknown}
 r - 2 scrolls of magic mapping {unknown}
 u - 3 scrolls of identify
 z - 3 scrolls of amnesia {unknown}
 B - a scroll of butterflies {unknown}
 D - a scroll of enchant armour {unknown}
Potions
 a - a potion of might {unknown}
 h - 3 potions of attraction
 i - 5 potions of mutation
 j - 3 potions of flight
 k - 3 potions of magic
 n - a potion of curing {unknown}
 s - a potion of heal wounds {unknown}


   Skills:
 + Level 7.2 Fighting
 - Level 5.4 Maces & Flails
 - Level 1.7 Throwing
 + Level 9.0 Armour
 - Level 2.1 Dodging


You had 8 spell levels left.
You didn't know any spells.
Your spell library contained the following spells:

 Spells                   Type           Power      Damage    Failure   Level
 Beastly Appendage        Tmut           0%         N/A       38%         1
 Wereblood                Tmut           0%         N/A       52%         2
 Gell's Gravitas          Tloc           0%         N/A       77%         3
 Spider Form              Tmut/Pois      0%         N/A       77%         3
 Teleport Other           Tloc           0%         N/A       77%         3
 Dispersal                Tloc           0%         N/A       100%        6


Dungeon Overview and Level Annotations

Branches:
Dungeon (7/15)
 Temple: D:4-7

Altars:
Uskayaw
The Shining One

Shops:
D:2 *

Annotations:
D:3 3 runed translucent doors, Jackthecabe's ghost, weakling DgCj; yumyumyeen's ghost, amateur MiMo


Innate Abilities, Weirdness & Mutations

You are a tree.
Your roots penetrate the ground, keeping you stationary.
You cannot be teleported.
You are immune to unholy pain and torment.
Your maximum health is greatly increased.
Your equipment is partially melded.
(You are completely covered in rugged brown scales. (AC +3, +7% HP))
((Armour fits poorly on your strangely shaped body.))
((You have a long armoured tail.))
You roll when moving toward enemies. (Rampage)
Your long tongue fully drains potion bottles. (2x potion effects)
Your tongue gives you trouble enunciating. (1.5x scroll delay)


Message History

The vampire mosquito bites you.
* * * LOW HITPOINT WARNING * * *
The vampire mosquito draws strength from your injuries!
The vampire mosquito bites you.
* * * LOW HITPOINT WARNING * * *
The vampire mosquito draws strength from your injuries!
The vampire mosquito bites you.
* * * LOW HITPOINT WARNING * * *
The vampire mosquito draws strength from your injuries!
An orc opens the door.
Unknown command.
Okay, then.
As you slowly read the scroll of fear, it crumbles to dust.
You assume a fearsome visage.
The vampire mosquito is unaffected. x4
The orc looks frightened!
The vampire mosquito bites you but does no damage.
The vampire mosquito bites you.
* * * LOW HITPOINT WARNING * * *
The vampire mosquito draws strength from your injuries!
The vampire mosquito bites you but does no damage.
The vampire mosquito bites you.
* * * LOW HITPOINT WARNING * * *
The vampire mosquito draws strength from your injuries!
The vampire mosquito bites you but does no damage. x2
Unknown command.
Unknown command.
Press: ? - help, v - describe, . - travel
Here: a vampire mosquito The floor.
Unknown command.
Okay, then.
Unknown command.
You slurp down every last drop of the bubbling puce potion!
It was a potion of lignification.
You turn into a tree.
Your +0 helmet melds into your body.
Your +0 barding melds into your body.
Your +0 plate armour melds into your body.
Your roots penetrate the ground.
The vampire mosquito bites you but does no damage.
The vampire mosquito bites you.
You die...

#............#.........<..#.
#.)..>.......#............##
#..........).#............##
#............#.............)
##.####...#########+##....##
######...####.####.##'#####
(........#.................
..?.....y#y..............##
......o.yy♣..........>...#
.###..##'####.############
#.. # ### .... ..... ...


You could see 4 vampire mosquitoes and an orc (fleeing).

Vanquished Creatures
  Grinder (D:3)
  A wyvern (D:7)
  A water moccasin (D:6)
  An orc warrior (D:6)
  A black bear (D:5)
  2 ice beasts
  An ogre (D:6)
  2 bullfrogs
  2 necrophages (D:5)
  A scorpion (D:4)
  5 wights (D:7)
  A howler monkey (D:6)
  4 hounds
  2 orc priests
  2 iguanas
  4 orc wizards
  7 gnolls
  3 adders
  A shadow imp (D:6)
  A white imp (D:6)
  8 worms
  2 dart slugs (D:1)
  15 orcs
  9 bats
  7 endoplasms
  6 giant cockroaches
  11 hobgoblins
  2 jackals (D:5)
  7 kobolds
  3 quokkas
  7 ball pythons
  3 frilled lizards
  10 goblins
  7 rats
140 creatures vanquished.

Vanquished Creatures (others)
  5 withered plants (D:3)
5 creatures vanquished.

Grand Total: 145 creatures vanquished

Notes
Turn   | Place    | Note
-------+----------+-------------------------------------------
     0 | D:1      | cforsyth the Armataur Gladiator began the quest for the
                  | Orb.
     0 | D:1      | Reached XP level 1. HP: 18/18 MP: 1/1
   102 | D:1      | Reached skill level 1 in Armour
   118 | D:1      | Reached XP level 2. HP: 25/25 MP: 2/2
   351 | D:1      | Found a faded altar of an unknown god.
   421 | D:1      | Reached XP level 3. HP: 32/32 MP: 3/3
   664 | D:1      | Reached skill level 2 in Armour
  1336 | D:2      | Found Ciotun's General Store.
  1344 | D:2      | Bought a scroll of identify for 24 gold pieces
  1344 | D:2      | Bought a scroll of identify for 24 gold pieces
  1344 | D:2      | Bought a scroll of teleportation for 36 gold pieces
  1344 | D:2      | Bought a scroll of identify for 24 gold pieces
  1424 | D:3      | Reached XP level 4. HP: 33/39 MP: 4/4
  1792 | D:3      | Reached skill level 3 in Armour
  1801 | D:3      | Found a runed translucent gate.
  1802 | D:3      | Found a runed translucent gate.
  1803 | D:3      | Found a runed translucent gate.
  1804 | D:3      | Noticed Jackthecabe's ghost (weakling DgCj)
  1805 | D:3      | Noticed yumyumyeen's ghost (amateur MiMo)
  1850 | D:3      | Reached XP level 5. HP: 48/48 MP: 5/5
  1912 | D:3      | Noticed Grinder
  1924 | D:3      | Paralysed by Grinder for 5 turns
  1931 | D:3      | Paralysed by Grinder for 2 turns
  1937 | D:3      | Killed Grinder
  1938 | D:3      | Reached skill level 4 in Armour
  1938 | D:3      | Reached XP level 6. HP: 27/55 MP: 6/6
  2073 | D:3      | Identified the amulet of Life {Acrobat rF++}
  2238 | D:3      | Found a glowing golden altar of the Shining One.
  3113 | D:4      | Found a hide-covered altar of Uskayaw.
  3675 | D:4      | Reached XP level 7. HP: 45/63 MP: 7/7
  3823 | D:5      | Entered Level 5 of the Dungeon
  3871 | D:5      | Reached skill level 5 in Armour
  3900 | D:5      | Reached skill level 5 in Maces & Flails
  4565 | D:5      | Reached skill level 5 in Fighting
  4565 | D:5      | Reached skill level 6 in Armour
  4889 | D:6      | Reached XP level 8. HP: 49/72 MP: 8/8
  5062 | D:6      | Reached skill level 7 in Armour
  5535 | D:6      | Reached skill level 8 in Armour
  6447 | D:7      | Reached skill level 9 in Armour
  6447 | D:7      | Reached XP level 9. HP: 20/84 MP: 9/9
  6570 | D:7      | HP: 1/84 [vampire mosquito (6)]
  6571 | D:7      | Slain by a vampire mosquito

Illustrated notes

Levels and vault maps discovered:
D:1:      dpeg_arrival_rhombi, layout_basic, serial_glass, glass_columns_b,
          glass_columns_a, shapermc_ecumenical_altar_notcrosses, st_stairs_5,
          minmay_split_cup_small
D:2:      layout_basic, serial_forest, infiniplex_forest_lined_room_3,
          infiniplex_forest_lined_2, infiniplex_forest_clump_double,
          infiniplex_forest_clump_long, serial_shops, shop
D:3:      layout_rooms, tso_oasis_becter, gammafunk_ghost_cemetery,
          nicolae_wormholes, uniq_grinder
D:4:      layout_layer_cave, overflow_temple_1_default
D:5:      layout_loops_ring, minitemple, temple_hall
D:6:      layout_loops_cross
D:7:      layout_gridville

Skill      XL: |  1  2  3  4  5  6  7  8 |
---------------+-------------------------+-----
Fighting       | 2 3 4 5 7 |  7.2
Armour         | 1 2 3 4 6 9 |  9.0
Maces & Flails | 3 4 5 |  5.4
Throwing       | |  1.7
Dodging        | |  2.1

Action                   |  1- 3 |  4- 6 |  7- 9 || total
-------------------------+-------+-------+-------++-------
Melee: Flail             |   153 |   130 |   244 ||   527
       Tailslap          |    12 |    18 |    31 ||    61
       Punch             |       |     1 |     1 ||     2
  Use: Scroll            |     5 |     2 |     1 ||     8
       Potion            |       |       |     1 ||     1
Armor: Leather armour    |    39 |       |       ||    39
       Scale mail        |    47 |     4 |       ||    51
       Plate armour      |       |   120 |   256 ||   376
       Skin              |       |       |     1 ||     1
Dodge: Dodged            |    61 |    26 |    60 ||   147

Table legend: (Time is in decaauts)
 A = Elapsed time spent in this place.
 B = Non-inter-level travel time spent in this place.
 C = Inter-level travel time spent in this place.
 D = Time resting spent in this place.
 E = Time spent auto-exploring this place.
 F = Levels seen in this place.
 G = Mean time per level.
                   A        B        C        D        E       F      G
               +--------+--------+--------+--------+--------+-----+--------+
         Total |   6670 |   6454 |    216 |   1660 |   3585 |   7 |  952.9 |
       Dungeon |   6670 |   6454 |    216 |   1660 |   3585 |   7 |  952.9 |
               +--------+--------+--------+--------+--------+-----+--------+

Top non-repeatable levels by time:
     D:4: 1735 daAuts
     D:6: 1349 daAuts
     D:5: 880 daAuts
     D:2: 879 daAuts
     D:1: 763 daAuts
     D:3: 691 daAuts
     D:7: 371 daAuts
